[Event "*** Titled Tuesday Blitz"]
[Site "Chess.com"]
[Date "2020.04.07"]
[Round "5"]
[White "Playgood28"]
[Black "RobertoRochaMAO"]
[Result "1-0"]
[WhiteElo "2244"]
[BlackElo "1978"]
[TimeControl "180+1"]
[EndTime "13:51:46 PDT"]
[Termination "Playgood28 won by resignation"]

1. d4 d5 2. c4 dxc4 3. e4 e5 4. Nf3 exd4 5. Bxc4 c5 6. O-O Be7 7. Qb3 Be6 8. Bxe6 fxe6 9. Qxe6 Qd7 10. Qb3 Nc6 11.
Nbd2 O-O-O 12. Nc4 Qe6 13. Nb6+ 1-0

[Event "*** Titled Tuesday Blitz"]
[Site "Chess.com"]
[Date "2020.04.07"]
[Round "5"]
[White "Andro2"]
[Black "aquiles88"]
[Result "1-0"]
[WhiteElo "2422"]
[BlackElo "2217"]
[TimeControl "180+1"]
[EndTime "13:51:56 PDT"]
[Termination "Andro2 won by resignation"]

1. e4 d6 2. d4 g6 3. Nc3 Bg7 4. f4 a6 5. Nf3 b5 6. a3 Bb7 7. Bd3 e6 8. O-O Ne7 9. f5 exf5 10. exf5 O-O 11. fxg6 hxg6 12. Bg5 Nd7 13. Qe1 Nf6 14. Qh4 Ned5 15. Nxd5 Bxd5 16. Nd2 1-0

[Event "*** Titled Tuesday Blitz"]
[Site "Chess.com"]
[Date "2020.04.07"]
[Round "5"]
[White "BobSacIt"]
[Black "ApacheSVD"]
[Result "0-1"]
[WhiteElo "2184"]
[BlackElo "2355"]
[TimeControl "180+1"]
[EndTime "13:52:00 PDT"]
[Termination "ApacheSVD won by resignation"]

1. e4 c5 2. Nf3 d6 3. d4 cxd4 4. Nxd4 Nf6 5. Nc3 g6 6. Be3 Bg7 7. f3 O-O 8. Bc4 Nc6 9. Qd2 Bd7 10. O-O-O Rc8 11. Bb3 Nxd4 12. Bxd4 b5 13. Kb1 a5 14. a4 bxa4 15. Nxa4 Bxa4 16. Bxa4 Rc4 17. Bb5 Nxe4 18. fxe4 Rxd4 19. Qe2 Rb4 20. b3 Qb6 21. Bd3 Rxb3+ 22.
cxb3 Qxb3+ 23. Kc1 Bh6+ 24. Rd2 Rc8+ 0-1

[Event "*** Titled Tuesday Blitz"]
[Site "Chess.com"]
[Date "2020.04.07"]
[Round "5"]
[White "silverback96"]
[Black "Ba_clbaf_osed_ingo_3v21"]
[Result "0-1"]
[WhiteElo "2137"]
[BlackElo "2674"]
[TimeControl "180+1"]
[EndTime "13:52:12 PDT"]
[Termination "Ba_clbaf_osed_ingo_3v21 won by resignation"]

1. d4 Nf6 2. Nc3 d5 3. Bf4 e6 4. e3 Bb4 5. a3 Bxc3+ 6. bxc3 O-O 7. Bg5 c5 8. Bd3 h6 9. Bh4 Nc6 10. dxc5 e5 11. e4 dxe4 12. Bxe4 Qxd1+ 13. Rxd1 Nxe4 0-1

[Event "*** Titled Tuesday Blitz"]
[Site "Chess.com"]
[Date "2020.04.07"]
[Round "5"]
[White "MaxLeto"]
[Black "Walter_White_Poland"]
[Result "0-1"]
[WhiteElo "2307"]
[BlackElo "2133"]
[TimeControl "180+1"]
[EndTime "13:52:35 PDT"]
[Termination "Walter_White_Poland won by resignation"]

1. e4 e5 2. Nf3 Nc6 3. Bb5 a6 4. Bxc6 dxc6 5. O-O Bg4 6. h3 h5 7. d3 Qf6 8. Nbd2 Ne7 9. b3 Ng6 10. Bb2 Bd6 11. Qe2 Nf4 12. Qe3 Bxh3 13. gxh3 Qg6+ 14.
Ng5 Qxg5+ 15. Qg3 Ne2+ 0-1

[Event "*** Titled Tuesday Blitz"]
[Site "Chess.com"]
[Date "2020.04.07"]
[Round "5"]
[White "AndrewDGreen"]
[Black "MisiekZielony"]
[Result "1-0"]
[WhiteElo "2326"]
[BlackElo "2133"]
[TimeControl "180+1"]
[EndTime "13:52:37 PDT"]
[Termination "AndrewDGreen won by resignation"]

1. d4 d5 2. Bf4 c5 3. e3 Qb6 4.
Nc3 a6 5. Nxd5 Qa5+ 6. b4 cxb4 7. Nc7+ Kd7 8. Nxa8 b3+ 9. Qd2 b2 10. Rb1 Qxa2 11. Qd1 e5 12. dxe5+ Ke8 13. Nc7+ 1-0

[Event "*** Titled Tuesday Blitz"]
[Site "Chess.com"]
[Date "2020.04.07"]
[Round "5"]
[White "Schachmalanders"]
[Black "warmoatmeal"]
[Result "1-0"]
[WhiteElo "2311"]
[BlackElo "1901"]
[TimeControl "180+1"]
[EndTime "13:52:39 PDT"]
[Termination "Schachmalanders won by resignation"]

1. e4 e6 2. d4 d5 3. Nc3 Nf6 4. Bg5 Be7 5. e5 Nfd7 6. h4 Bxg5 7. hxg5 Qxg5 8. Nh3 Qe7 9. Qg4 g6 10. f4 a6 11. O-O-O c5 12. dxc5 Nxc5 13. Ng5 h6 14.
Nf3 Nc6 15. Kb1 Bd7 16. Nd4 O-O-O 17. Qf3 Kb8 18. Be2 Rc8 19. Qf2 Nxd4 20. Qxd4 g5 21. g3 gxf4 22. gxf4 Ne4 23. Nxe4 dxe4 24. Qxd7 Qc5 25.
Qd6+ Qxd6 26. exd6 Rcd8 27. c4 f5 28. c5 b6 29. c6 Kc8 30. Bxa6+ Kb8 31. c7+ Ka7 32. cxd8=Q 1-0

[Event "*** Titled Tuesday Blitz"]
[Site "Chess.com"]
[Date "2020.04.07"]
[Round "5"]
[White "Kingsman132"]
[Black "Keranke"]
[Result "1/2-1/2"]
[WhiteElo "2418"]
[BlackElo "2784"]
[TimeControl "180+1"]
[EndTime "13:52:44 PDT"]
[Termination "Game drawn by agreement"]

1. Nf3 g6 2. e4 Bg7 3. d4 d6 4. Be2 Nf6 5. Nc3 O-O 6. Be3 a6 7. a4 Nc6 8. d5 Nb4 9. h3 e6 10. O-O exd5 11. exd5 Re8 12. Qd2 c6 13. dxc6 bxc6 14.
Rfe1 Rb8 15. a5 Nbd5 16. Nxd5 Nxd5 17. Bd4 Bxd4 18. Nxd4 Bb7 19. Bxa6 1/2-1/2

[Event "*** Titled Tuesday Blitz"]
[Site "Chess.com"]
[Date "2020.04.07"]
[Round "5"]
[White "HrvojeZagreb"]
[Black "MalyDominator"]
[Result "1-0"]
[WhiteElo "2126"]
[BlackElo "2257"]
[TimeControl "180+1"]
[EndTime "13:52:44 PDT"]
[Termination "HrvojeZagreb won by resignation"]

1. d4 Nf6 2. Bf4 g6 3. Nc3 d5 4.
e3 Bg7 5. h4 h5 6. Nf3 O-O 7.
Ne5 Bf5 8. Be2 Nbd7 9. f3 c5 10. Qd2 c4 11. O-O-O Qa5 12. Kb1 b5 13. Nxd5 Qd8 14.
Nc6 Qe8 15. Nc7 1-0

[Event "*** Titled Tuesday Blitz"]
[Site "Chess.com"]
[Date "2020.04.07"]
[Round "5"]
[White "Hikaru"]
[Black "jefferyx"]
[Result "1-0"]
[WhiteElo "3268"]
[BlackElo "2904"]
[TimeControl "180+1"]
[EndTime "13:52:45 PDT"]
[Termination "Hikaru won by resignation"]

1. e4 g6 2. d4 Bg7 3. Nc3 a6 4. f4 d6 5. Nf3 b5 6. Bd3 Nd7 7. e5 Nh6 8. O-O c5 9. Be4 Rb8 10. a4 b4 11. Ne2 cxd4 12. Nexd4 Qb6 13. a5 Qc5 14. Kh1 Bb7 15. Bxb7 Rxb7 16. e6 Nf6 17. exf7+ Nxf7 18. Ne6 1-0

[Event "*** Titled Tuesday Blitz"]
[Site "Chess.com"]
[Date "2020.04.07"]
[Round "5"]
[White "MasterKroket"]
[Black "BahadirOzen"]
[Result "1-0"]
[WhiteElo "2481"]
[BlackElo "2738"]
[TimeControl "180+1"]
[EndTime "13:52:48 PDT"]
[Termination "MasterKroket won by resignation"]

1. d4 d5 2. c4 e6 3. Nf3 Nf6 4. Nc3 Be7 5. Bf4 O-O 6. e3 Nbd7 7. c5 Nh5 8. Bd3 Nxf4 9. exf4 b6 10. b4 a5 11. a3 c6 12. O-O Ba6 13. Bxa6 Rxa6 14.
Qe2 Ra7 15. b5 bxc5 16. bxc6 cxd4 17. Nb5 1-0

[Event "*** Titled Tuesday Blitz"]
[Site "Chess.com"]
[Date "2020.04.07"]
[Round "5"]
[White "Orest_Vovk"]
[Black "champ2005"]
[Result "0-1"]
[WhiteElo "2473"]
[BlackElo "2975"]
[TimeControl "180+1"]
[EndTime "13:52:53 PDT"]
[Termination "champ2005 won by resignation"]

1. g4 d5 2. Bg2 c6 3. h3 e5 4. d4 e4 5. c4 Bd6 6. Nc3 Ne7 7. Qb3 O-O 8. Bg5 Be6 9. c5 Bc7 10. Bxe7 Qxe7 11. Qxb7 e3 12. Qxa8 exf2+ 13. Kxf2 Qd7 14. Kf1 Bg3 15. Na4 Na6 16. Nb6 Qc7 17. Qxf8+ Kxf8 18. Na4 Qf4+ 19. Nf3 Qe3 0-1

[Event "*** Titled Tuesday Blitz"]
[Site "Chess.com"]
[Date "2020.04.07"]
[Round "5"]
[White "zmeeed67"]
[Black "Olga_Zhuravleva"]
[Result "1-0"]
[WhiteElo "2377"]
[BlackElo "2221"]
[TimeControl "180+1"]
[EndTime "13:52:54 PDT"]
[Termination "zmeeed67 won by resignation"]

1. d4 g6 2. c4 Bg7 3. Nc3 d6 4. Nf3 Nc6 5. Bg5 h6 6. Bh4 Bg4 7. e3 Nf6 8. Be2 O-O 9. h3 Bxf3 10. Bxf3 a6 11. d5 Ne5 12. Be2 c5 13. O-O Qd7 14.
f4 g5 15. fxe5 gxh4 16. exf6 Bxf6 17. Bg4 Qc7 18. Bf5 Bg5 19. Bc2 e5 20. Qd3 f6 21.
Ne4 Rf7 22. Nxg5 hxg5 23. Qg6+ 1-0

[Event "*** Titled Tuesday Blitz"]
[Site "Chess.com"]
[Date "2020.04.07"]
[Round "5"]
[White "Treacherous_horse64"]
[Black "stasiek18"]
[Result "1/2-1/2"]
[WhiteElo "2184"]
[BlackElo "2404"]
[TimeControl "180+1"]
[EndTime "13:52:58 PDT"]
[Termination "Game drawn by agreement"]

1. Nf3 b6 2. d4 Bb7 3. e3 e6 4. Bd3 g6 5. Nbd2 Bg7 6. O-O Ne7 7. b3 d6 8. Bb2 Nd7 9. Qe2 a6 10. c4 h6 11. h4 c5 12. Rfd1 Qc7 13.
Be4 Bxe4 14. Nxe4 cxd4 15. Bxd4 Bxd4 16. Rxd4 Nf5 17. Rd2 Nc5 18. Nxc5 dxc5 19. Rad1 1/2-1/2

[Event "*** Titled Tuesday Blitz"]
[Site "Chess.com"]
[Date "2020.04.07"]
[Round "5"]
[White "Obito24"]
[Black "MacDaddyMac"]
[Result "1-0"]
[WhiteElo "2737"]
[BlackElo "2299"]
[TimeControl "180+1"]
[EndTime "13:53:00 PDT"]
[Termination "Obito24 won by resignation"]

1. d4 Nf6 2. c4 e6 3. Nf3 b6 4.
g3 Bb7 5. Bg2 Be7 6. O-O O-O 7.
Nc3 Ne4 8. Bd2 Nxd2 9. Qxd2 d6 10. d5 e5 11. e4 f5 12. exf5 Rxf5 13. Qe2 Nd7 14. Bh3 Rf7 15. Be6 Nc5 16. Bxf7+ Kxf7 17. b4 Nd7 18. Nd2 Kg8 19. Nde4 Nf6 20. f4 exf4 21. Rxf4 a5 22. bxa5 Rxa5 23. Ng5 Nxd5 24. Qe6+ 1-0

[Event "*** Titled Tuesday Blitz"]
[Site "Chess.com"]
[Date "2020.04.07"]
[Round "5"]
[White "Slovak_fighter2000"]
[Black "SamuelGhimpu2003"]
[Result "1/2-1/2"]
[WhiteElo "2490"]
[BlackElo "2679"]
[TimeControl "180+1"]
[EndTime "13:53:08 PDT"]
[Termination "Game drawn by agreement"]

1. d4 Nf6 2. Nf3 g6 3. c4 Bg7 4. Nc3 d5 5. Bg5 Ne4 6. cxd5 Nxg5 7. Nxg5 e6 8. Qd2 exd5 9. Qe3+ Kf8 10. Qf4 Bf6 11.
h4 h6 12. Nf3 Kg7 13. e3 Be6 14. Bd3 c5 15. dxc5 Nd7 16. O-O Nxc5 17. Bc2 Qb6 18.
Rab1 Rad8 19. Rfd1 Rhe8 20. Nd4 h5 21. b4 Nd7 22.
Na4 Qa6 23. Nc5 Nxc5 24. bxc5 Bd7 25. Bd3 Qa4 1/2-1/2

[Event "*** Titled Tuesday Blitz"]
[Site "Chess.com"]
[Date "2020.04.07"]
[Round "5"]
[White "mattcolins2025"]
[Black "SanchezKelvin"]
[Result "0-1"]
[WhiteElo "2132"]
[BlackElo "2332"]
[TimeControl "180+1"]
[EndTime "13:53:10 PDT"]
[Termination "SanchezKelvin won by resignation"]

1. d4 Nf6 2. c4 g6 3. Nc3 Bg7 4. g3 d6 5. Bg2 O-O 6. Nf3 c5 7. O-O Bg4 8. dxc5 dxc5 9. Ne5 Bc8 10. Bg5 h6 11. Be3 Na6 12. Qxd8 Rxd8 13. Nd3 Ng4 14. Nd5 Nxe3 15. Nxe7+ Kf8 16. Nxc8 Nxg2 17. Kxg2 Raxc8 18. Rfd1 b6 19. Rab1 Nb4 20. a3 Nxd3 21. exd3 Bd4 22. b4 Rd7 23. Re1 Rcd8 24. Rb3 Re7 25. Rxe7 Kxe7 26.
bxc5 Bxc5 27. a4 a5 28. Rb1 Rxd3 0-1

[Event "*** Titled Tuesday Blitz"]
[Site "Chess.com"]
[Date "2020.04.07"]
[Round "5"]
[White "kostas83"]
[Black "BillCoe"]
[Result "0-1"]
[WhiteElo "2225"]
[BlackElo "2027"]
[TimeControl "180+1"]
[EndTime "13:53:12 PDT"]
[Termination "BillCoe won by resignation"]

1. e4 c5 2. d4 cxd4 3. c3 dxc3 4. Nxc3 Nc6 5. Nf3 e6 6. Bc4 Nge7 7.
O-O Ng6 8. Qe2 d6 9. Rd1 Be7 10. Be3 O-O 11. Rd2 a6 12. Rad1 Qc7 13. Bb3 b5 14.
Rc2 Qb7 15. Nd5 exd5 16. Bxd5 Bd7 17. Rdc1 Rac8 18. h4 Bf6 19. h5 Nge7 0-1

[Event "*** Titled Tuesday Blitz"]
[Site "Chess.com"]
[Date "2020.04.07"]
[Round "5"]
[White "theprosecution1"]
[Black "Anna_ChessMate"]
[Result "1-0"]
[WhiteElo "2810"]
[BlackElo "2617"]
[TimeControl "180+1"]
[EndTime "13:53:17 PDT"]
[Termination "theprosecution1 won by resignation"]

1. e4 e5 2. Nf3 Nc6 3. Nc3 Nf6 4.
Bb5 Nd4 5. Bc4 c6 6. O-O d5 7. exd5 Bg4 8. Be2 Nxf3+ 9. Bxf3 Bxf3 10. Qxf3 cxd5 11. Re1 Bd6 12. Nxd5 Nxd5 13. Qxd5 O-O 14. d3 Rc8 15. c3 Qb6 16. Be3 Qa6 17. Rad1 Rfd8 18.
Qb3 h6 19. g3 Be7 20. a4 Bf6 21.
Qb5 Qe6 22. Qxb7 Rb8 23. Qxa7 Rxb2 24. a5 Qf5 25. a6 Ra2 26. Qb7 Bg5 27. Bb6 Rxd3 28.
Rxd3 Qxd3 29. a7 Qa6 30. Qxa6 Rxa6 31. Rxe5 1-0

[Event "*** Titled Tuesday Blitz"]
[Site "Chess.com"]
[Date "2020.04.07"]
[Round "5"]
[White "INLOVEWITHF"]
[Black "Vusatiuk_Vladimir"]
[Result "1-0"]
[WhiteElo "2547"]
[BlackElo "2375"]
[TimeControl "180+1"]
[EndTime "13:53:17 PDT"]
[Termination "INLOVEWITHF won by resignation"]

1. e4 c5 2. Nf3 Nc6 3. d4 cxd4 4. Nxd4 e5 5. Nb5 d6 6. N1c3 a6 7. Na3 b5 8. Nd5 Nf6 9. Bg5 Be7 10. Bxf6 Bxf6 11.
c3 O-O 12. Nc2 Rb8 13. h4 Be6 14. Nxf6+ Qxf6 15. Qxd6 Na5 16. Qxa6 Nc4 17. Bxc4 bxc4 18. Nb4 Qf4 19. O-O Qxe4 20. Rae1 Qf4 21. Qd6 Rfd8 22. Qxe5 Qxh4 23. Nc6 Rxb2 24. g3 1-0

[Event "*** Titled Tuesday Blitz"]
[Site "Chess.com"]
[Date "2020.04.07"]
[Round "5"]
[White "tomsishere"]
[Black "Sn00pPawn"]
[Result "1-0"]
[WhiteElo "2202"]
[BlackElo "1840"]
[TimeControl "180+1"]
[EndTime "13:53:18 PDT"]
[Termination "tomsishere won by resignation"]

1. d4 Nf6 2. c4 g6 3. Nc3 Bg7 4. e4 d6 5. Nge2 O-O 6. Ng3 e5 7. d5 h5 8. Bg5 Qe8 9. Nb5 Na6 10. Be2 Bd7 11. Nc3 Nh7 12. Be3 f5 13. exf5 gxf5 14. Nxh5 f4 15. Nxg7 Kxg7 16. Bd2 Bf5 17. g4 Bg6 18. h4 Nf6 19. h5 Bh7 20. g5 Ne4 21. g6 Nxc3 22. Bxc3 Bg8 23. h6+ Kf6 24.
g7 Rf7 25. h7 Rxg7 26. h8=Q 1-0

[Event "*** Titled Tuesday Blitz"]
[Site "Chess.com"]
[Date "2020.04.07"]
[Round "5"]
[White "JiangoFett"]
[Black "Charlottemillard17"]
[Result "1-0"]
[WhiteElo "2300"]
[BlackElo "1319"]
[TimeControl "180+1"]
[EndTime "13:53:20 PDT"]
[Termination "JiangoFett won by resignation"]

1. d4 d5 2. c4 Nf6 3. cxd5 Nxd5 4. e4 Nf6 5. Nc3 Nc6 6. Nf3 Bg4 7. d5 Ne5 8. Bb5+ c6 9. Nxe5 Bxd1 10. dxc6 bxc6 11. Bxc6+ Nd7 12. Bxd7+ Qxd7 13. Nxd7 Kxd7 14. Kxd1 e5 15. Kc2 f6 16. Be3 Bb4 17. Rhd1+ Ke7 18. Nd5+ Ke6 19. Nxb4 Rac8+ 20. Kd2 Rhd8+ 21. Ke2 Rxd1 22. Rxd1 Rc4 23. Nd5 Rxe4 24. Nc3 Rb4 25. b3 Rb7 26. Ne4 f5 27. Nc5+ Kf6 28. Nxb7 Kg6 29. Bxa7 1-0

[Event "*** Titled Tuesday Blitz"]
[Site "Chess.com"]
[Date "2020.04.07"]
[Round "5"]
[White "chiwii"]
[Black "asms9699"]
[Result "0-1"]
[WhiteElo "2250"]
[BlackElo "2623"]
[TimeControl "180+1"]
[EndTime "13:53:21 PDT"]
[Termination "asms9699 won by resignation"]

1. e4 c5 2. Nf3 d6 3. d3 Nc6 4. g3 g6 5. Bg2 Bg7 6. c3 e5 7.
O-O Nge7 8. Nbd2 O-O 9. Re1 h6 10. Nf1 Be6 11. c4 Qd7 12. Ne3 f5 13. exf5 gxf5 14.
Nh4 f4 15. Nd5 Nf5 16. Ng6 fxg3 17. hxg3 Rf7 18. Qh5 Nce7 19. Ngxe7+ Nxe7 20. Bxh6 Nxd5 21. cxd5 Bg4 22. Qg5 Raf8 23. Rf1 Be2 24. Be4 Bxf1 25. Rxf1 Rf6 26. Bxg7 Qxg7 27. Qh4 Rh6 28. Qxh6 Qxh6 0-1

[Event "*** Titled Tuesday Blitz"]
[Site "Chess.com"]
[Date "2020.04.07"]
[Round "5"]
[White "TheBigBoss04"]
[Black "IMJonathanCarlstedt"]
[Result "1-0"]
[WhiteElo "2780"]
[BlackElo "2466"]
[TimeControl "180+1"]
[EndTime "13:53:21 PDT"]
[Termination "TheBigBoss04 won by resignation"]

1. g3 g6 2. Bg2 Bg7 3. Nf3 d6 4. O-O c5 5. d4 cxd4 6. Nxd4 Nf6 7. c4 O-O 8. Nc3 Nbd7 9. e4 a6 10. h3 Ne5 11. b3 Bd7 12. Bb2 Rc8 13. Rc1 Bc6 14. f4 Ned7 15. Nxc6 bxc6 16. Kh2 Qc7 17. Qd2 Rfd8 18. Rfe1 e5 19. f5 c5 20. g4 h6 21. Kg3 Nb8 22. h4 Nc6 23. g5 Nh5+ 24. Kh2 Nf4 25. f6 Bf8 26. Nd5 Nxd5 27. exd5 Nd4 28. Be4 Qd7 29. Rg1 h5 30. Qd3 Kh7 31.
Qd1 Kg8 32. Rf1 Re8 33. Bc3 Kh8 34. Rg1 Nf5 35. Qd3 Nxh4 36. Rcf1 a5 37. Be1 Nf5 38.
Rxf5 gxf5 39. Bxf5 Qa7 40. Qh3 1-0

[Event "*** Titled Tuesday Blitz"]
[Site "Chess.com"]
[Date "2020.04.07"]
[Round "5"]
[White "Elshan1985"]
[Black "AliMentor20"]
[Result "1-0"]
[WhiteElo "2697"]
[BlackElo "2406"]
[TimeControl "180+1"]
[EndTime "13:53:25 PDT"]
[Termination "Elshan1985 won by checkmate"]

1. d4 d5 2. c4 e6 3. Nf3 c6 4. Bg5 Qa5+ 5. Nbd2 f5 6. e3 Nd7 7.
a3 Ngf6 8. b4 Qc7 9. Bd3 g6 10.
Qb3 Bd6 11. c5 Be7 12. Bf4 Qd8 13. h3 h5 14. b5 Ne4 15. Bxe4 fxe4 16. Ne5 Nxe5 17.
Bxe5 O-O 18. O-O Bd7 19. a4 a6 20. bxc6 Bxc6 21. f3 Qa5 22. Nxe4 dxe4 23. Qxe6+ Rf7 24.
Qxg6+ Kf8 25. fxe4 Be8 26. Qg7# 1-0

[Event "*** Titled Tuesday Blitz"]
[Site "Chess.com"]
[Date "2020.04.07"]
[Round "5"]
[White "Azeryahu"]
[Black "NIGWAPO"]
[Result "1-0"]
[WhiteElo "2860"]
[BlackElo "2589"]
[TimeControl "180+1"]
[EndTime "13:53:34 PDT"]
[Termination "Azeryahu won by resignation"]

1. g3 d5 2. Nf3 Nf6 3. Bg2 c6 4. O-O Bf5 5. d4 e6 6. c4 dxc4 7. Ne5 Nbd7 8. Nxc4 Nb6 9. Ne5 Bd6 10. Nc3 Bxe5 11.
dxe5 Qxd1 12. Rxd1 Nfd5 13. e4 Nxc3 14. bxc3 Bg6 15. f3 Rd8 16. Bg5 Rd7 17. Bf1 h6 18. Be3 Kd8 19. a4 Kc7 20. a5 Nc8 21. Rxd7+ Kxd7 22. Kf2 Kc7 23. Bc4 Rd8 24. g4 b5 25. axb6+ axb6 26. Be2 c5 27. Ra4 Kb7 28. f4 f6 29. exf6 gxf6 30.
f5 exf5 31. exf5 Be8 32. Bf3+ Kc7 33. Bf4+ Nd6 34. Ra7+ Kc8 35. Ra8+ Kc7 36. Rxd8 1-0

[Event "*** Titled Tuesday Blitz"]
[Site "Chess.com"]
[Date "2020.04.07"]
[Round "5"]
[White "pastouche06"]
[Black "Sjakkerntobi"]
[Result "1-0"]
[WhiteElo "2450"]
[BlackElo "2246"]
[TimeControl "180+1"]
[EndTime "13:53:34 PDT"]
[Termination "pastouche06 won by resignation"]

1. d4 d5 2. c4 e6 3. Nc3 Nf6 4. cxd5 exd5 5. Bg5 Be7 6. e3 O-O 7. Bd3 h6 8. Bh4 Ne4 9. Bxe7 Nxc3 10. Bxd8 Nxd1 11. Be7 Re8 12. Ba3 Nxe3 13. fxe3 Rxe3+ 14. Kd2 Re8 15. Nf3 Nc6 16. Rae1 Bg4 17. Ne5 Nxe5 18. Rxe5 Rxe5 19. dxe5 b6 20. b4 a5 21. b5 Rd8 22.
Rc1 Rd7 23. Bb2 Be6 24. Bd4 Kf8 25. Ke3 g5 26. a4 Kg7 27. Rf1 Rd8 28. Bf5 Re8 29.
Bxe6 fxe6 30. Rf6 Re7 31. Kf3 Rf7 32. Kg4 Rxf6 33. exf6+ Kg6 34. h4 h5+ 35. Kg3 g4 36.
Kf4 1-0

[Event "*** Titled Tuesday Blitz"]
[Site "Chess.com"]
[Date "2020.04.07"]
[Round "5"]
[White "ChessQueen"]
[Black "harvsp123"]
[Result "0-1"]
[WhiteElo "2777"]
[BlackElo "2557"]
[TimeControl "180+1"]
[EndTime "13:53:39 PDT"]
[Termination "harvsp123 won by resignation"]

1. e4 c5 2. c3 Nf6 3. e5 Nd5 4. Nf3 Nc6 5. d4 cxd4 6. cxd4 d6 7. Bc4 dxe5 8. Bxd5 Qxd5 9. Nc3 Qd6 10. d5 Nd4 11. Nxd4 exd4 12. Qxd4 e5 13. Qd3 Bd7 14. O-O Qg6 15.
Qe2 Bd6 16. Nb5 O-O 17. Nxd6 Qxd6 18. Rd1 f5 19. b3 b5 20. Bb2 Rae8 21. a4 b4 22.
Rac1 e4 23. Bd4 f4 24. Bc5 Qg6 25. Bxf8 f3 26. Qf1 Bh3 27. Rc6 Qg4 28. d6 Bxg2 29.
Qc4+ Kxf8 0-1

[Event "*** Titled Tuesday Blitz"]
[Site "Chess.com"]
[Date "2020.04.07"]
[Round "5"]
[White "albi1999"]
[Black "Blitzking642"]
[Result "1-0"]
[WhiteElo "2595"]
[BlackElo "2401"]
[TimeControl "180+1"]
[EndTime "13:53:44 PDT"]
[Termination "albi1999 won by resignation"]

1. d4 Nf6 2. c4 g6 3. Nc3 d5 4. Nf3 Bg7 5. h4 dxc4 6. e4 c5 7. d5 O-O 8. Bxc4 b5 9. Bxb5 Nxe4 10. Nxe4 Qa5+ 11. Nc3 Bxc3+ 12. bxc3 Qxb5 13. h5 Qc4 14. hxg6 fxg6 15. Rh4 Qxc3+ 16. Bd2 Qd3 17. Bh6 Qxd1+ 18. Rxd1 Re8 19. Ng5 Na6 20. Rf4 Bf5 21. g4 e5 22.
Rf3 1-0

[Event "*** Titled Tuesday Blitz"]
[Site "Chess.com"]
[Date "2020.04.07"]
[Round "5"]
[White "StarkAst"]
[Black "googlegoom"]
[Result "1-0"]
[WhiteElo "2599"]
[BlackElo "2406"]
[TimeControl "180+1"]
[EndTime "13:53:47 PDT"]
[Termination "StarkAst won by resignation"]

1. e4 c5 2. Nc3 Nc6 3. Nf3 e6 4.
d4 cxd4 5. Nxd4 Qb6 6. Be3 Qc7 7. Qd2 a6 8. O-O-O d6 9. g4 h6 10. Be2 Nf6 11. h4 g6 12. g5 hxg5 13. hxg5 Rxh1 14. Rxh1 Nd7 15. f4 b5 16. Rh7 Bb7 17. f5 Nxd4 18. Qxd4 e5 19. Qd2 O-O-O 20. Rxf7 Qa5 21. fxg6 b4 22. Nb1 Bxe4 23. g7 Bxg7 24. Rxg7 Qxa2 25. Qxd6 b3 26. Bxa6+ 1-0

[Event "*** Titled Tuesday Blitz"]
[Site "Chess.com"]
[Date "2020.04.07"]
[Round "5"]
[White "1g41-0"]
[Black "Ceejay271"]
[Result "1-0"]
[WhiteElo "2502"]
[BlackElo "2297"]
[TimeControl "180+1"]
[EndTime "13:53:48 PDT"]
[Termination "1g41-0 won by checkmate"]

1. d4 Nf6 2. c4 e6 3. Nc3 Bb4 4. f3 d5 5. a3 Be7 6. e4 dxe4 7.
fxe4 c5 8. d5 exd5 9. exd5 O-O 10. Nf3 Re8 11. Be2 Bg4 12. O-O Nbd7 13. d6 Bf8 14.
Nb5 Re6 15. Bf4 Re4 16. Bg3 Nh5 17. Bh4 Qb6 18. Bd3 Bxf3 19. Qxf3 Rxh4 20. Qxf7+ Kh8 21. Qxd7 Rd8 22. Qf5 Nf6 23. Qe6 Bxd6 24. Rxf6 Bxh2+ 25. Kf1 gxf6 26. Qe7 Rxd3 27. Qf8# 1-0

[Event "*** Titled Tuesday Blitz"]
[Site "Chess.com"]
[Date "2020.04.07"]
[Round "5"]
[White "Fianchettoed-Tower"]
[Black "Winehouse83"]
[Result "1-0"]
[WhiteElo "2381"]
[BlackElo "2521"]
[TimeControl "180+1"]
[EndTime "13:53:51 PDT"]
[Termination "Fianchettoed-Tower won by resignation"]

1. e4 c5 2. Nf3 e6 3. d4 cxd4 4. Nxd4 Nc6 5. Nc3 Qc7 6. g3 a6 7. Bg2 h5 8. h3 Bb4 9. O-O Nf6 10. Nxc6 bxc6 11. Na4 Rb8 12. c4 c5 13. Be3 Bb7 14. a3 Nxe4 15. axb4 Nxg3 16. fxg3 Qxg3 17. Rf3 Bxf3 18.
Qxf3 Qxf3 19. Bxf3 Rxb4 20. Bxc5 Rxc4 21. b3 Rc3 22. Nxc3 1-0

[Event "*** Titled Tuesday Blitz"]
[Site "Chess.com"]
[Date "2020.04.07"]
[Round "5"]
[White "ShadyH9"]
[Black "BeanScreen"]
[Result "0-1"]
[WhiteElo "2286"]
[BlackElo "2605"]
[TimeControl "180+1"]
[EndTime "13:53:52 PDT"]
[Termination "BeanScreen won by resignation"]

1. d4 d5 2. Nf3 Nf6 3. g3 Bf5 4. c4 e6 5. Nc3 c6 6. Nh4 Be4 7. f3 Bg6 8. Qb3 Qb6 9. c5 Qc7 10. Bf4 Qc8 11. e4 dxe4 12. Nxg6 hxg6 13.
fxe4 Nh5 14. O-O-O Nxf4 15. gxf4 Be7 16. d5 cxd5 17.
exd5 exd5 18. Nxd5 Bxc5 19. Bb5+ Nc6 20. Rhe1+ Kf8 21.
Kb1 Rxh2 22. Ka1 Nd4 23. Qc4 Nc2+ 24. Kb1 Nxe1 25. Rxe1 Qf5+ 26. Ka1 Qc2 0-1

[Event "*** Titled Tuesday Blitz"]
[Site "Chess.com"]
[Date "2020.04.07"]
[Round "5"]
[White "gmkomarov"]
[Black "drinbet"]
[Result "1-0"]
[WhiteElo "2500"]
[BlackElo "2270"]
[TimeControl "180+1"]
[EndTime "13:53:55 PDT"]
[Termination "gmkomarov won by resignation"]

1. d4 f5 2. Nc3 Nf6 3. Bg5 d5 4. Bxf6 exf6 5. e3 Be6 6. Bd3 c6 7. Qf3 g6 8. h4 h5 9. Nce2 Bf7 10. O-O-O Nd7 11. Qg3 Qb8 12. Nh3 Qxg3 13. Nxg3 Bd6 14. Nf4 O-O-O 15. Nge2 Nf8 16. Kb1 Ne6 17. Nxe6 Bxe6 18.
Rc1 Rhe8 19. c4 dxc4 20. Bxc4 Bxc4 21. Rxc4 Kb8 22. g3 Bc7 23. Rg1 Bb6 24. Nf4 Rg8 25. b4 Rd7 26. Kc2 Bc7 27. Nd3 Bd6 28. Nc5 Bxc5 29.
bxc5 Rc8 30. Rb4 Rcc7 31. Rgb1 Kc8 32. a4 a6 33. Rb6 a5 34. Kc3 Re7 35. Kc4 Red7 36.
R6b3 Kd8 37. f3 Ke7 38. e4 fxe4 39. fxe4 Ke6 40. Rd3 Rc8 41. d5+ cxd5+ 42. exd5+ Kf7 43. Rb5 Rdc7 44. d6 Rc6 45. Rxb7+ Ke6 46. Re7+ Kf5 47. Rd5+ Kg4 48. d7 Rd8 49. Re8 1-0

[Event "*** Titled Tuesday Blitz"]
[Site "Chess.com"]
[Date "2020.04.07"]
[Round "5"]
[White "Konavets"]
[Black "jamengrand"]
[Result "1-0"]
[WhiteElo "3003"]
[BlackElo "2177"]
[TimeControl "180+1"]
[EndTime "13:54:01 PDT"]
[Termination "Konavets won by resignation"]

1. Nf3 d5 2. c4 d4 3. e3 Nc6 4.
b4 dxe3 5. fxe3 Nxb4 6. a3 Nc6 7. d4 e6 8. Bb2 Nf6 9. Bd3 Be7 10. O-O O-O 11.
Nc3 Bd6 12. Ng5 h6 13. Nge4 Be7 14. Nxf6+ Bxf6 15. Ne4 Be7 16. Qh5 f5 17. Ng3 Qe8 18. Qf3 Bd7 19. d5 Nd8 20. Nh5 e5 21. Bxe5 Bg5 22. Bxg7 Qxe3+ 23. Qxe3 Bxe3+ 24. Kh1 Rf7 25. Bc3 Bg5 26. Rae1 c6 27. g3 cxd5 28. cxd5 b6 29. h4 Be7 30. d6 Bxd6 31. Bc4 Rc8 32. Nf6+ Kf8 33. Bxf7 Kxf7 34. Nxd7 Rxc3 35. Rxf5+ Kg6 36. Ref1 Rxg3 37. h5+ Kg7 38. Nf6 Rh3+ 39. Kg2 Rh2+ 40.
Kf3 Ne6 41. Ne8+ Kg8 42. Rg1+ Kh7 43. Nf6+ 1-0